 Dungeon Crawl Stone Soup version 0.30-a0-782-ge64f9170bb (webtiles) character file.

Game seed: 9926082576281140393

6747 Drevant2 the Blocker (level 10, -4/67 HPs)
             Began as a Demonspawn Wanderer on Feb 20, 2023.
             Was an Initiate of Ashenzari.
             Slain by a hornet (8 damage)
             ... while paralysed by a hornet
             ... on level 10 of the Dungeon.
             The game lasted 00:41:27 (15792 turns).

Drevant2 the Blocker (Demonspawn Wanderer)         Turns: 15792, Time: 00:41:27

Health: -4/67      AC:  8    Str: 15    XL:     10   Next: 75%
Magic:  11/11      EV:  2    Int: 16    God:    Ashenzari [......]
Gold:   482        SH:  0    Dex: 12    Spells: 6/11 levels left

rFire   . . .      SeeInvis .    u - +4 morningstar
rCold   . . .      Faith    .    (no shield)
rNeg    . . .      Spirit   .    d - +0 leather armour
rPois   .          Reflect  .    (no helmet)
rElec   .          Harm     .    (cloak unavailable)
rCorr   .          Rampage  .    n - +0 pair of gloves "I Foresaw This" {Melee, Range} (curse)
Will    .....                    (no boots)
Stlth   +                        p - amulet of magic regeneration
HPRegen 0.31/turn                w - +4 ring of protection
MPRegen 0.52/turn                (no ring)

@: paralysed, slowed, studying Shields
A: hooves 2, weakness stinger 3, demonic touch 1
a: Renounce Religion, Curse Item, Shatter the Chains


You were on level 10 of the Dungeon.
You worshipped Ashenzari.
Ashenzari was noncommittal.
You visited 2 branches of the dungeon, and saw 11 of its levels.

You collected 550 gold pieces.
You spent 68 gold pieces at shops.

Inventory:

Hand Weapons
 a - a +0 club
 h - a +0 mace
 u - a +4 morningstar (weapon)
 v - a +0 flail
 C - a +0 morningstar
Missiles
 b - 3 curare-tipped darts
 m - a javelin
 o - 5 atropa-tipped darts (quivered)
 G - a throwing net
Armour
 d - a +0 leather armour (worn)
 n - the cursed +0 pair of gloves "I Foresaw This" (worn) {Melee, Range}
   (You found it on level 6 of the Dungeon)

   It has a curse which improves the following skills: Melee Combat: Short
   Blades, Long Blades, Axes, Maces & Flails, Polearms, Staves and Unarmed
   Combat.
   Ranged Combat: Ranged Weapons and Throwing.
Jewellery
 p - an amulet of magic regeneration (around neck)
 s - an amulet of the acrobat
 w - a +4 ring of protection (left hand)
 A - a +6 ring of intelligence
 D - a +5 ring of evasion
Wands
 i - a wand of flame (45)
 y - a wand of iceblast (14)
 z - a wand of quicksilver (3)
Scrolls
 c - a scroll of immolation
 f - 3 scrolls of amnesia {unknown}
 g - 2 scrolls of fog {unknown}
 r - 2 scrolls of brand weapon {unknown}
 x - 2 scrolls of enchant armour {unknown}
 B - a scroll of noise {unknown}
 E - a scroll of vulnerability {unknown}
Potions
 e - 2 potions of curing
 k - a potion of cancellation
 l - a potion of brilliance
 q - a potion of magic
 t - a potion of mutation
 F - a potion of flight


   Skills:
 - Level 2.0 Fighting
 - Level 10.2(10.6) Maces & Flails
 - Level 1.0 Armour
 - Level 1.0 Dodging
 - Level 1.0 Stealth
 * Level 11.1 Shields
 - Level 1.0 Spellcasting
 - Level 6.9 Summonings
 - Level 5.4 Ice Magic
 - Level 1.0 Evocations


You had 6 spell levels left.
You knew the following spells:

 Your Spells              Type           Power      Damage    Failure   Level
a - Freeze                Ice            72%        1d8       3%          1
b - Summon Ice Beast      Ice/Summ       20%        N/A       22%         4

Your spell library contained the following spells:

 Spells                   Type           Power      Damage    Failure   Level
 Ensorcelled Hibernation  Hex/Ice        18%        N/A       14%         2
 Blink                    Tloc           0%         N/A       38%         2
 Cigotuvi's Dreadful Rot  Necr/Pois/Air  0%         N/A       38%         2
 Poisonous Vapours        Pois/Air       0%         N/A       38%         2
 Summon Lightning Spire   Summ/Air       11%        N/A       56%         4
 Ignite Poison            Fire/Tmut/Pois 0%         N/A       63%         3
 Mephitic Cloud           Conj/Pois/Air  0%         N/A       63%         3
 Manifold Assault         Tloc           0%         N/A       95%         4
 Sticky Flame             Conj/Fire      0%         2d3       95%         4
 Storm Form               Tmut/Air       0%         N/A       100%        7
 Ignition                 Fire           0%         3d3       100%        8
 Maxwell's Capacitive Co  Air            0%         ∞         100%        8


Dungeon Overview and Level Annotations

Branches:
Dungeon (10/15)            Temple (0/1) D:7            Lair (1/5) D:8
    Orc: D:9-12

Altars:
Ashenzari
Kikubaaqudgha
Makhleb
Nemelex Xobeh
Qazlal
Sif Muna
Trog

Shops:
D:2 ?=*?[


Innate Abilities, Weirdness & Mutations

You have hoof-like feet.
You have a sharp stinger which inflicts weakening toxins.
Your touch may inflict minor irresistible damage on your foes.


Message History

You sock the hornet! Your kick misses the hornet. Your touch misses the hornet.
The hornet is moderately wounded.
You feel very sick.
The hornet stings you but does no damage.
The hornet stings you!
* * * LOW HITPOINT WARNING * * *
You are lethally poisoned!
You feel as though you will be slow longer.
The hornet barely misses you.
You feel better. The hornet stings you.
* * * LOW HITPOINT WARNING * * *
You suddenly lose the ability to move!
The hornet stings you but does no damage.
The hornet stings you.
* * * LOW HITPOINT WARNING * * *
You feel as though you will be slow longer.
The hornet stings you.
* * * LOW HITPOINT WARNING * * *
You feel as though you will be slow longer.
The hornet stings you.
* * * LOW HITPOINT WARNING * * *
You feel as though you will be slow longer.
You can move again.
Blink to where?
Press: ? - help, Dir - move target, p - hornet
As you read the scroll of blinking, it crumbles to dust.
A hornet is nearby!
Okay, then.
Blink to where?
Press: ? - help, Dir - move target
As you read the scroll of blinking, it crumbles to dust.
The hornet misses you. The hornet stings you!
* * * LOW HITPOINT WARNING * * *
You suddenly lose the ability to move!
You stop ascending the stairs.
You feel yourself speed up. The hornet stings you!
* * * LOW HITPOINT WARNING * * *
You feel yourself slow down. The hornet stings you!
You die...

########## #.§.#≈≈
#........###...≈≈§
#........##..§§.§≈
#........##.....§§
#.................
#.........#.......
#........##.§..((.
#........##.......
#@y......#........
#.÷......#.#......
#........#........
#####.##..........
#....#.#......
#..##..##...#.
##..#.##*##...
##...# #... #..##
#...


You could see a hornet.

Vanquished Creatures
  A cane toad (D:8)
  A kobold demonologist (D:10)
  A wraith (D:8)
  2 wyverns
  Grum (D:8)
  5 yaks
  A steam dragon (D:10)
  An acid dragon (D:8)
  2 water moccasins
  4 orc warriors
  5 sky beasts
  An ice beast (D:7)
  A black bear (D:5)
  2 wolves (D:8)
  9 centaurs
  2 phantoms
  A gnoll sergeant (D:9)
  A necrophage (D:5)
  5 bullfrogs
  2 scorpions
  12 wights
  2 howler monkeys
  5 hounds
  7 orc priests
  Jessica (D:3)
  Natasha (thrice) (D:3)
  7 iguanas
  9 orc wizards
  10 gnolls
  7 adders
  4 white imps
  An ufetubus (D:5)
  5 worms
  A dart slug (D:1)
  32 orcs
  7 ball pythons
  4 bats
  6 endoplasms
  A giant cockroach (D:1)
  8 goblins
  10 hobgoblins
  A jackal (D:3)
  5 kobolds
  3 quokkas
  3 frilled lizards
  3 rats
205 creatures vanquished.

Vanquished Creatures (others)
  14 fungi (D:8)
  23 plants
37 creatures vanquished.

Grand Total: 242 creatures vanquished

Notes
Turn   | Place    | Note
-------+----------+-------------------------------------------
     0 | D:1      | Drevant2 the Demonspawn Wanderer began the quest for the
                  | Orb.
     0 | D:1      | Drevant2 set off with the following items: a +0 club, a
                  | scroll of teleportation, a potion of haste, a +0 leather
                  | armour, a potion of curing; and the following spell
                  | memorised: Freeze; and the following spells available to
                  | memorise: Ensorcelled Hibernation, Summon Ice Beast.
     0 | D:1      | Reached XP level 1. HP: 16/16 MP: 2/2
   289 | D:1      | Found a faded altar of an unknown god.
   308 | D:1      | Reached skill level 1 in Maces & Flails
   308 | D:1      | Discovered your monstrous ancestry.
   308 | D:1      | Gained mutation: You have a small tail. [demonic ancestry]
   308 | D:1      | Reached XP level 2. HP: 20/22 MP: 3/3
   479 | D:1      | Prayed at the altar of an unknown god.
   479 | D:1      | Became a worshipper of Ashenzari the Shackled
   588 | D:2      | Found Ima Gogo's General Store.
   720 | D:2      | Bought a scroll of identify for 28 gold pieces
   918 | D:2      | Found Moutalaont's Magic Scroll Shoppe.
   953 | D:2      | Bought a scroll of fear for 40 gold pieces
  1001 | D:2      | Found Otism's Armour Shop.
  1003 | D:2      | Gained mutation: You have large cloven feet. [demonic
                  | ancestry]
  1003 | D:2      | Reached XP level 3. HP: 27/27 MP: 4/4
  1766 | D:2      | Found Useh's Magic Scroll Shop.
  1813 | D:2      | Found Uzxuesa's Jewellery Shop.
  1849 | D:2      | Reached XP level 4. HP: 7/33 MP: 3/5
  2759 | D:3      | Noticed Natasha
  2819 | D:3      | Killed Natasha
  2904 | D:3      | Gained mutation: You have a tail ending in a sharp stinger.
                  | [demonic ancestry]
  2904 | D:3      | Reached XP level 5. HP: 26/38 MP: 1/6
  2957 | D:3      | Noticed Jessica
  2961 | D:3      | Killed Jessica
  3131 | D:3      | Noticed Natasha
  3141 | D:3      | Killed Natasha
  3266 | D:3      | Learned a level 4 spell: Summon Ice Beast
  3334 | D:4      | Noticed an ogre
  3559 | D:4      | Noticed a water moccasin
  3577 | D:4      | Killed a water moccasin
  3578 | D:4      | Reached XP level 6. HP: 7/44 MP: 1/7
  4232 | D:5      | Entered Level 5 of the Dungeon
  4244 | D:5      | Reached skill level 5 in Ice Magic
  4527 | D:5      | Noticed an orc warrior
  5072 | D:3      | Noticed Natasha
  5081 | D:3      | Killed Natasha
  5348 | D:5      | Found an ancient bone altar of Kikubaaqudgha.
  5367 | D:5      | Gained mutation: You have a sharp stinger which inflicts
                  | weakening toxins. [demonic ancestry]
  5367 | D:5      | Reached XP level 7. HP: 42/50 MP: 8/8
  5425 | D:5      | Found a burning altar of Makhleb.
  5431 | D:5      | Reached skill level 1 in Summonings
  5520 | D:5      | Reached skill level 5 in Maces & Flails
  5862 | D:5      | Found a shimmering blue altar of Sif Muna.
  6586 | D:5      | Found a bloodstained altar of Trog.
  7017 | D:6      | Gained mutation: Your touch may inflict minor irresistible
                  | damage on your foes. [demonic ancestry]
  7017 | D:6      | Reached XP level 8. HP: 38/56 MP: 9/9
  7725 | D:6      | Found a sparkling altar of Nemelex Xobeh.
  8371 | D:7      | Found a staircase to the Ecumenical Temple.
  8507 | D:7      | Reached skill level 5 in Summonings
  8584 | D:7      | Reached XP level 9. HP: 57/61 MP: 10/10
 10794 | D:8      | Reached skill level 10 in Maces & Flails
 11092 | D:8      | Reached skill level 1 in Shields
 11455 | D:8      | Noticed Grum
 11460 | D:8      | Reached skill level 2 in Shields
 11765 | D:8      | Found a staircase to the Lair.
 11775 | Lair:1   | Entered Level 1 of the Lair of Beasts
 11775 | Lair:1   | Noticed a cane toad
 11787 | D:8      | Killed a cane toad
 11788 | D:8      | Reached skill level 4 in Shields
 11788 | D:8      | Gained mutation: You have hoof-like feet. [demonic
                  | ancestry]
 11788 | D:8      | Reached XP level 10. HP: 49/67 MP: 11/11
 11998 | D:8      | Reached skill level 5 in Shields
 12117 | D:8      | Killed Grum
 12276 | D:8      | Reached skill level 6 in Shields
 12983 | D:9      | Reached skill level 7 in Shields
 13740 | D:9      | Reached skill level 8 in Shields
 14496 | D:10     | Entered Level 10 of the Dungeon
 14574 | D:10     | Found a stormy altar of Qazlal.
 14718 | D:10     | Reached skill level 9 in Shields
 14826 | D:10     | Noticed a gargoyle
 15214 | D:9      | Reached skill level 10 in Shields
 15550 | D:10     | Reached skill level 11 in Shields
 15710 | Lair:1   | Noticed a cane toad
 15778 | D:10     | Paralysed by a hornet for 3 turns
 15782 | D:10     | Paralysed by a hornet for 3 turns
 15790 | D:10     | Paralysed by a hornet for 3 turns
 15791 | D:10     | HP: 3/67 [hornet (12)]
 15792 | D:10     | Slain by a hornet

Illustrated notes

Levels and vault maps discovered:
D:1:      mrwooster_arrival_statue_3, layout_rooms, basic_ecumenical_altar
D:2:      layout_basic, serial_shops,
          nicolae_shop_temple_entry_statues_fountains, nicolae_shop_statue_plus,
          nicolae_diamond_shop, shop_fountains, shop, serial_corexii_hall,
          corexii_hall_statues_u, corexii_hall_statues_i,
          chequers_hall_statues_wall_a, chequers_hall_statues_corner_a
D:3:      cheibrodos_helix_gallery, layout_loops_cross, st_stairs_7,
          grunt_ministairs_4, uniq_natasha, uniq_jessica
D:4:      layout_gridville, amcnicky_mini_corridor_feature
D:5:      layout_loops_ring, nzn_overflow_gifts_of_might_and_magic,
          makhleb_heckhound_becter, mainiacjoe_overflow_paths,
          kennysheep_cross_bottleneck
D:6:      layout_loops_cross, mainiacjoe_overflow_six_doors_small,
          minmay_misc_feat_rugged
D:7:      layout_loops_ring, minmay_temple_entry_grid
D:8:      layout_layer_cave, grunt_lair_entry_orc_guard_hut,
          minmay_manual_monolith, uniq_grum
D:9:      layout_roguey, hangedman_abyss_or_decor_jellyfish_corner, wad_dig_loot
D:10:     layout_rooms, nicolae_qazlal_general_emergency,
          minmay_fractal_squares_diagonal_5
Lair:1:   layout_chaotic_city, cheibrodos_lair_caveside_slide,
          grunt_megastairs_4

Skill      XL: |  1  2  3  4  5  6  7  8  9 10 |
---------------+-------------------------------+-----
Maces & Flails | 1 2 3 4 6 8 10 | 10.2
Ice Magic      | 3 4 5 |  5.4
Summonings     | 2 5 6 |  6.9
Shields        | 4 11 | 11.1
Fighting       | |  2.0
Armour         | |  1.0
Dodging        | |  1.0
Stealth        | |  1.0
Spellcasting   | |  1.0
Evocations     | |  1.0

Action                     |  1- 3 |  4- 6 |  7- 9 | 10-12 || total
---------------------------+-------+-------+-------+-------++-------
  Melee: Club              |    14 |       |       |       ||    14
         Mace              |    77 |   134 |       |       ||   211
         Tailslap          |     5 |     9 |    43 |    22 ||    79
         Kick              |    12 |    28 |    59 |    44 ||   143
         Punch             |     1 |       |     4 |     1 ||     6
         Flail             |       |     4 |   164 |       ||   168
         Touch             |       |       |    42 |    32 ||    74
         Morningstar       |       |       |   143 |   159 ||   302
  Throw: Javelin           |       |     4 |     4 |       ||     8
         Dart              |       |    10 |    16 |     3 ||    29
   Cast: Freeze            |    20 |    40 |    21 |       ||    81
 Invoke: Curse Item        |       |       |       |     1 ||     1
    Use: Scroll            |     1 |     1 |    11 |     7 ||    20
         Potion            |     1 |     5 |     8 |     2 ||    16
   Stab: Sleeping          |       |       |     3 |       ||     3
         Invisible         |       |       |     3 |       ||     3
 Armour: Leather armour    |    31 |    44 |   100 |    71 ||   246
         Skin              |       |       |     3 |     1 ||     4
  Dodge: Dodged            |    60 |    91 |   170 |   121 ||   442

Table legend: (Time is in decaauts)
 A = Elapsed time spent in this place.
 B = Non-inter-level travel time spent in this place.
 C = Inter-level travel time spent in this place.
 D = Time resting spent in this place.
 E = Time spent auto-exploring this place.
 F = Levels seen in this place.
 G = Mean time per level.
                   A        B        C        D        E       F      G
               +--------+--------+--------+--------+--------+-----+--------+
         Total |  15896 |  13004 |   2892 |   5674 |   4806 |  11 | 1445.1 |
       Dungeon |  15875 |  12996 |   2879 |   5674 |   4806 |  10 | 1587.5 |
          Lair |     20 |      7 |     13 |      0 |      0 |   1 |   20.0 |
               +--------+--------+--------+--------+--------+-----+--------+

Top non-repeatable levels by time:
     D:8: 3103 daAuts
     D:9: 1983 daAuts
     D:7: 1955 daAuts
     D:5: 1677 daAuts
     D:2: 1605 daAuts
     D:3: 1518 daAuts
     D:6: 1411 daAuts
     D:4: 1376 daAuts
     D:1: 669 daAuts
    D:10: 573 daAuts
  Lair:1: 20 daAuts
